 Dungeon Crawl Stone Soup version 0.21.3-3-g218456f21e (webtiles) character file.

13416 MordorOrchid the Blocker (level 12, -8/75 HPs)
             Began as an Octopode Venom Mage on Nov 15, 2020.
             Was an Elder of Cheibriados.
             Hit by a large rock thrown by a cyclops (34 damage)
             ... on level 12 of the Dungeon.
             The game lasted 01:19:03 (9173 turns).

MordorOrchid the Blocker (Octopode Venom Mage)      Turns: 9173, Time: 01:19:04

Health: -8/75      AC:  1    Str: 18    XL:     12   Next: 5%
Magic:  22/22      EV: 22    Int: 36    God:    Cheibriados [****..]
Gold:   498        SH: 12    Dex: 23    Spells: 3/25 levels left

rFire    . . .     SeeInvis +   a - +7 long sword "Biruso" {flame, rElec Int+5 SInv}
rCold    . . .     Gourm    .   i - +0 shield
rNeg     + . .     Faith    .   (helmet restricted)
rPois    .         Spirit   .   (no amulet)
rElec    +         Reflect  .   r - +4 ring of evasion
rCorr    .         Harm     .   F - ring of positive energy
MR       .....                  P - ring of flight
Stlth    ++++......             (no ring)
HPRegen  0.22/turn              (no ring)
MPRegen  0.18/turn              (no ring)
                                (no ring)
                                (no ring)

@: very slow
A: almost no armour, stealthy swim, amphibious, 8 rings, constrict 8, camouflage
1, gelatinous body 1
a: Bend Time, Temporal Distortion, Slouch, Renounce Religion, Evoke Flight


You were on level 12 of the Dungeon.
You worshipped Cheibriados.
Cheibriados was greatly pleased with you.
You were very hungry.

You visited 2 branches of the dungeon, and saw 13 of its levels.
You also visited: Ice Cave.

You collected 645 gold pieces.
You spent 147 gold pieces at shops.

Inventory:

Hand Weapons
 a - the +7 long sword "Biruso" (weapon) {flame, rElec Int+5 SInv}
   (You found it on level 8 of the Dungeon)

   It has been specially enchanted to burn those struck by it, causing extra
   injury to most foes and up to half again as much damage against particularly
   susceptible opponents.
   Big, fiery blades are also staple armaments of hydra-hunters.
   It affects your intelligence (+5).
   It insulates you from electricity.
   It lets you see invisible.
 b - a +0 blowgun
 j - a +0 hunting sling
 y - a +4 short sword of venom
 E - the +8 shortbow "Giantslayer" {freeze, SInv}
   (You found it on level 8 of the Dungeon)

   It causes projectiles fired from it to freeze those they strike, causing
   extra injury to most foes and up to half again as much damage against
   particularly susceptible opponents.
   They can also slow down cold-blooded creatures.
   It lets you see invisible.
Missiles
 d - 9 javelins (quivered)
 e - 87 poisoned needles
 f - 6 tomahawks
 u - 104 sling bullets
 w - 102 arrows
 V - 7 poisoned javelins
Armour
 i - a +0 shield (worn)
Jewellery
 r - a +4 ring of evasion (left tentacle)
 s - an uncursed ring of fire
 F - a ring of positive energy (right tentacle)
 P - a ring of flight (on tentacle)
 Y - an uncursed amulet of harm {unknown}
Wands
 h - a wand of polymorph (22)
 n - a wand of acid (16)
 p - a wand of flame (30)
 B - a wand of scattershot (3)
 H - a wand of disintegration (11)
 J - a wand of paralysis (30)
 Q - a wand of digging (7)
 X - a wand of iceblast (12)
Scrolls
 g - a scroll of amnesia
 k - 5 scrolls of remove curse
 m - 5 scrolls of fear
 v - 2 scrolls of enchant weapon
 x - 2 scrolls of teleportation
 z - 2 scrolls of magic mapping {unknown}
 G - a scroll of brand weapon
 I - 2 scrolls of immolation
 K - a scroll of torment {unknown}
 L - a scroll of blinking {unknown}
 S - a scroll of fog
 U - a scroll of silence
Potions
 l - 2 potions of mutation
 o - 8 potions of curing
 t - 3 potions of brilliance
 A - a potion of agility {unknown}
 C - a potion of might
 M - 4 potions of magic
 N - 3 potions of flight
 O - 3 potions of berserk rage
 W - a potion of lignification {unknown}
Books
 c - a book of Callings

   Spells                             Type                      Level
   a - Summon Small Mammal            Summoning                    1
   b - Call Imp                       Summoning                    2
   c - Call Canine Familiar           Summoning                    3
   d - Summon Guardian Golem          Hexes/Summoning              3
   e - Summon Lightning Spire         Summoning/Air                4
   f - Summon Ice Beast               Ice/Summoning                4
 q - a Young Poisoner's Handbook

   Spells                             Type                      Level
   a - Sting                          Conjuration/Poison           1
   b - Poisonous Vapours              Poison/Air                   2
   c - Mephitic Cloud                 Conjuration/Poison/Air       3
   d - Olgreb's Toxic Radiance        Poison                       4
   e - Venom Bolt                     Conjuration/Poison           5
 D - a book of Flames

   Spells                             Type                      Level
   a - Flame Tongue                   Conjuration/Fire             1
   b - Throw Flame                    Conjuration/Fire             2
   c - Conjure Flame                  Conjuration/Fire             3
   d - Inner Flame                    Hexes/Fire                   3
   e - Sticky Flame                   Conjuration/Fire             4
   f - Fireball                       Conjuration/Fire             5
Miscellaneous
 Z - a sack of spiders
Comestibles
 R - 3 chunks of flesh
 T - 31 rations


   Skills:
 * Level 4.5 Fighting
 - Level 3.2(4.8) Short Blades
 - Level 5.5(6.0) Long Blades
 * Level 7.0 Dodging
 - Level 3.0 Stealth
 * Level 8.6 Shields
 - Level 7.0 Spellcasting
 - Level 5.3 Conjurations
 * Level 0.5 Summonings
 - Level 2.8 Fire Magic
 - Level 6.0 Air Magic
 - Level 6.1 Poison Magic
 * Level 4.8 Invocations
 - Level 3.4 Evocations


You had 3 spell levels left.
You knew the following spells:

 Your Spells              Type           Power        Failure   Level  Hunger
a - Sting                 Conj/Pois      ####         1%          1    None
b - Olgreb's Toxic Radia  Pois           ######..     6%          4    None
c - Conjure Flame         Conj/Fire      #####...     4%          3    None
f - Venom Bolt            Conj/Pois      ######....   19%         5    ####...
g - Mephitic Cloud        Conj/Pois/Air  ######..     1%          3    None
j - Summon Lightning Spi  Summ/Air       #####...     19%         4    None
p - Poisonous Vapours     Pois/Air       ######       1%          2    None


Dungeon Overview and Level Annotations

Branches:
Dungeon (12/15)            Temple (1/1) D:5            Lair (0/6) D:8
    Orc: D:9-12

Altars:
Ashenzari
Cheibriados
Dithmenos
Elyvilon
Fedhas
Gozag
Hepliaklqana
Kikubaaqudgha
Makhleb
Nemelex Xobeh
Okawaru
Qazlal
Ru
Sif Muna
Trog
Uskayaw
Vehumet
Wu Jian
Xom
Yredelemnul
Zin
The Shining One

Shops:
D:5 %   D:9 %(*

Annotations:
D:3 ReteAZ's ghost, amateur GnNe
D:6 exclusion: upstairs
D:7 MordorOrchid's ghost, novice TrEE


Innate Abilities, Weirdness & Mutations

You cannot wear most types of armour.
You are very stealthy in the water. (Stealth+)
You are amphibious.
You can wear up to eight rings at the same time.
You can use your tentacles to constrict eight enemies at once.
Your skin changes colour to match your surroundings (Stealth+).
Your rubbery body absorbs attacks. (AC +1, EV +1)


Message History

You destroy the wight!
Cheibriados appreciates the change of pace.
d - 6 javelins
Things that are here:
an enchanted trident; a robe; 7 stones
Things that are here:
an enchanted trident; a robe; 7 stones
Things that are here:
a hand axe; a robe
Things that are here:
an enchanted halberd; a robe
d - 7 javelins (gained 1)
Found a mace.
d - 9 javelins (gained 2)
The cyclops shouts!
Things that are here:
an enchanted halberd; a robe The cyclops throws a large rock.
The large rock hits you!
The cyclops throws a large rock.
The large rock hits you!!
You die...

### #####...###(#.#
#.. .........##.#.#
#.#
#####....##(#.######
#.# #.....(.(.......
#.#
#.....C))....#####
#.#
#.#####.####.....
##)#######.#
#.####..##
..[......).#
#)##....#
..##########
#@#..#..## ###
#.).#.#..#
#(.#...#...)
##..#.#...###
##..#..### ##...##
#####


You could see a cyclops.

Vanquished Creatures
  Urug (D:11)
  An ugly thing (D:12)
  A deep elf mage (D:12)
  A manticore (D:12)
  Maurice (D:11)
  2 kobold demonologists (D:11)
  A komodo dragon (D:8)
  2 trolls
  3 hornets
  2 hippogriffs
  20 yaks
  A human (D:8)
  A wraith (D:11)
  A basilisk (D:12)
  3 hogs (D:8)
  2 wyverns
  2 hungry ghosts
  2 chaos spawn (D:11)
  4 orc warriors
  A sky beast (D:9)
  An ice beast (D:11)
  6 ogres
  2 phantoms
  3 centaurs
  3 big kobolds
  A gnoll sergeant (D:11)
  7 bullfrogs
  A water moccasin zombie (D:6)
  2 wyvern skeletons
  10 killer bees
  9 wights
  A howler monkey (D:7)
  A crimson imp (D:10)
  A centaur skeleton (D:10)
  2 centaur zombies (D:11)
  3 hounds
  2 bullfrog skeletons (D:10)
  A bullfrog zombie (D:5)
  13 orc wizards
  7 orc priests
  Ijyb (D:3)
  4 iguanas
  9 worker ants
  A mummy (D:8)
  A worker ant zombie (D:11)
  Robin (D:3)
  A howler monkey zombie (D:7)
  5 gnolls (D:11)
  11 adders
  A howler monkey skeleton (D:4)
  A shadow imp (D:7)
  2 oozes
  2 adder skeletons
  2 adder zombies
  2 worms
  4 dart slugs
  3 leopard geckos
  47 orcs
  3 bats (D:1)
  9 giant cockroaches
  13 goblins
  8 hobgoblins
  9 jackals
  4 quokkas
  4 frilled lizards
  A giant cockroach zombie (D:6)
  24 kobolds
  A leopard gecko skeleton (D:4)
  11 rats
313 creatures vanquished.

Vanquished Creatures (others)
  10 plants (D:8)
10 creatures vanquished.

Grand Total: 323 creatures vanquished

Notes
Turn   | Place    | Note
-------+----------+-------------------------------------------
     0 | D:1      | MordorOrchid the Octopode Venom Mage began the quest for the Orb.
     0 | D:1      | Reached XP level 1. HP: 11/11 MP: 3/3
   224 | D:1      | Reached XP level 2. HP: 9/18 MP: 0/5
   228 | D:1      | Learned a level 2 spell: Poisonous Vapours
   602 | D:2      | Reached skill level 1 in Fighting
   602 | D:2      | Reached XP level 3. HP: 23/23 MP: 2/6
   607 | D:2      | Learned a level 3 spell: Mephitic Cloud
  1129 | D:2      | Reached XP level 4. HP: 28/28 MP: 1/7
  1276 | D:3      | Noticed Robin
  1414 | D:3      | Reached skill level 1 in Air Magic
  1742 | D:3      | Reached XP level 5. HP: 34/34 MP: 6/9
  1747 | D:3      | Noticed ReteAZ's ghost (amateur GnNe)
  2122 | D:3      | Found a shattered altar of Ashenzari.
  2225 | D:3      | Killed Robin
  2269 | D:3      | Noticed Ijyb
  2297 | D:3      | Killed Ijyb
  2483 | D:4      | Reached XP level 6. HP: 39/39 MP: 5/10
  2489 | D:4      | Learned a level 4 spell: Olgreb's Toxic Radiance
  2930 | D:4      | Reached XP level 7. HP: 45/45 MP: 4/12
  2931 | D:4      | Reached skill level 5 in Poison Magic
  3410 | D:5      | Entered Level 5 of the Dungeon
  3422 | D:5      | Found a staircase to the Ecumenical Temple.
  3600 | D:5      | Found Ymnateump's Food Emporium.
  3941 | D:6      | Reached XP level 8. HP: 50/50 MP: 8/14
  3951 | D:6      | Learned a level 5 spell: Venom Bolt
  4356 | D:6      | Found a snail-covered altar of Cheibriados.
  4561 | Temple   | Entered the Ecumenical Temple
  4952 | D:6      | Reached skill level 5 in Air Magic
  5032 | D:7      | Noticed a hornet
  5042 | D:7      | Killed a hornet
  5217 | D:7      | Reached skill level 5 in Spellcasting
  5217 | D:7      | Reached XP level 9. HP: 55/55 MP: 7/16
  5343 | D:7      | Noticed MordorOrchid's ghost (novice TrEE)
  5723 | D:7      | Reached skill level 1 in Evocations
  5778 | D:7      | Learned a level 3 spell: Conjure Flame
  5858 | D:8      | Found a sparkling altar of Nemelex Xobeh.
  5937 | D:8      | Reached skill level 5 in Dodging
  5937 | D:8      | Reached skill level 1 in Fire Magic
  5951 | D:8      | Got a dazzling shortbow
  5957 | D:7      | Identified the +8 shortbow "Giantslayer" {freeze, SInv} (You found it on level 8 of the Dungeon)
  5991 | D:8      | Got a brightly glowing long sword
  5992 | D:8      | Identified the +7 long sword "Biruso" {flame, rElec Int+5 SInv} (You found it on level 8 of the Dungeon)
  6037 | D:8      | Paralysed by a wight for 5 turns
  6090 | D:8      | Found a staircase to the Lair.
  6090 | D:8      | Noticed a komodo dragon
  6092 | D:8      | Noticed a hornet
  6102 | D:8      | Killed a hornet
  6104 | D:8      | Killed a komodo dragon
  6185 | D:8      | Reached skill level 5 in Conjurations
  6355 | D:8      | Found a snail-covered altar of Cheibriados.
  6407 | D:8      | Reached XP level 10. HP: 63/63 MP: 11/19
  6502 | D:9      | Found Livil's Food Emporium.
  6601 | D:9      | Reached skill level 1 in Shields
  6706 | D:8      | Became a worshipper of Cheibriados the Contemplative
  6730 | D:9      | Reached skill level 1 in Short Blades
  6731 | D:9      | Found Kir Ymm's Antique Weapon Shoppe.
  6785 | D:9      | Found Issebbu's Assorted Antiques.
  6791 | D:9      | Bought 2 black potions for 46 gold pieces
  6791 | D:9      | Bought a scroll labeled UGRAG LEQIWNEN for 26 gold pieces
  6791 | D:9      | Bought a black potion for 23 gold pieces
  6791 | D:9      | Bought a scroll of identify for 52 gold pieces
  6835 | D:9      | Reached skill level 2 in Shields
  6846 | D:9      | Reached skill level 3 in Shields
  6926 | D:9      | Found a radiant altar of Vehumet.
  6927 | D:9      | Found a shimmering altar of Xom.
  6936 | D:9      | Found a sacrificial altar of Ru.
  6936 | D:9      | Found an iron altar of Okawaru.
  6937 | D:9      | Found an opulent altar of Gozag.
  6939 | D:9      | Found a glowing golden altar of the Shining One.
  6940 | D:9      | Found an ornate altar of the Wu Jian Council.
  7004 | D:9      | Reached skill level 1 in Long Blades
  7107 | D:9      | Reached skill level 4 in Shields
  7144 | D:9      | Reached * piety under Cheibriados
  7192 | D:9      | Reached skill level 5 in Shields
  7264 | D:10     | Entered Level 10 of the Dungeon
  7413 | D:10     | Reached XP level 11. HP: 68/69 MP: 10/21
  7436 | D:10     | Reached skill level 6 in Shields
  7783 | D:10     | Reached skill level 1 in Invocations
  7792 | D:10     | Reached ** piety under Cheibriados
  8065 | D:11     | Found a shimmering altar of Xom.
  8066 | D:11     | Found the +12 mace of Variability {chaos}
  8177 | D:11     | Reached skill level 5 in Long Blades
  8179 | D:11     | Reached *** piety under Cheibriados
  8368 | D:11     | Noticed Urug
  8400 | D:11     | Killed Urug
  8400 | D:11     | Reached skill level 7 in Shields
  8516 | D:11     | Noticed Maurice
  8523 | D:11     | Killed Maurice
  8753 | D:12     | Noticed a manticore
  8764 | D:12     | Killed a manticore
  8764 | D:12     | Reached skill level 8 in Shields
  8817 | D:12     | Noticed a cyclops
  8934 | D:12     | Reached **** piety under Cheibriados
  8936 | D:12     | Noticed a red ugly thing
  8949 | D:12     | Killed a red ugly thing
  9046 | D:12     | Noticed a deep elf mage
  9050 | D:12     | Killed a deep elf mage
  9050 | D:12     | Reached XP level 12. HP: 57/75 MP: 22/22
  9077 | D:12     | Learned a level 4 spell: Summon Lightning Spire
  9090 | D:12     | Found a frozen archway.
  9107 | IceCv    | Entered an ice cave
  9173 | D:12     | Hit by a large rock thrown by a cyclops

Skill      XL: |  1  2  3  4  5  6  7  8  9 10 11 12 |
---------------+-------------------------------------+-----
Poison Magic   | 4 5 6 |  6.1
Fighting       | 1 2 4 |  4.5
Stealth        | 3 |  3.0
Air Magic      | 1 2 4 5 6 |  6.0
Conjurations   | 2 3 4 5 |  5.3
Spellcasting   | 3 4 5 6 7 |  7.0
Dodging        | 3 4 5 6 7 |  7.0
Evocations     | 2 3 |  3.4
Fire Magic     | 2 |  2.8
Shields        | 5 8 |  8.6
Short Blades   | 3 |  3.2
Long Blades    | 3 5 |  5.5
Invocations    | 4 |  4.8
Summonings     | |  0.5

Action                   |  1- 3 |  4- 6 |  7- 9 | 10-12 || total
-------------------------+-------+-------+-------+-------++-------
Melee: Unarmed           |    12 |       |       |       ||    12
       Constrict         |     7 |    26 |    21 |    30 ||    84
       Tentacles         |     7 |    15 |    14 |    39 ||    75
       Dagger            |    20 |    68 |       |     5 ||    93
       War axe           |       |       |    70 |       ||    70
       Long sword        |       |       |     2 |   176 ||   178
 Fire: Shortbow          |       |       |    38 |     9 ||    47
Throw: Stone             |       |     1 |       |     3 ||     4
       Javelin           |       |       |     6 |    30 ||    36
       Tomahawk          |       |       |       |    23 ||    23
 Cast: Sting             |    37 |    23 |    31 |    45 ||   136
       Poisonous Vapours |    11 |    42 |    61 |    54 ||   168
       Mephitic Cloud    |       |     7 |    14 |    28 ||    49
       Olgreb's Toxic Ra |       |       |     9 |    17 ||    26
       Conjure Flame     |       |       |     4 |    17 ||    21
Evoke: Wand              |       |       |     2 |     9 ||    11
  Use: Scroll            |     3 |     3 |     4 |    10 ||    20
       Potion            |       |       |       |     2 ||     2
 Stab: Sleeping          |     4 |     5 |     2 |     2 ||    13
       Confused          |       |       |     2 |     6 ||     8
  Eat: Chunk             |     2 |     9 |    14 |     7 ||    32
       Ration            |       |       |       |     1 ||     1
Armor: Skin              |     6 |     2 |     3 |     4 ||    15
Dodge: Dodged            |    24 |    50 |    45 |   107 ||   226
Block: Shield            |       |       |       |    70 ||    70
       Rpst.: Long sword |       |       |       |    22 ||    22
